 Dungeon Crawl Stone Soup version 0.19-a0-459-gb8ed64d (webtiles) character file.

165 eoe the Caller (level 5, 0/41 HPs)
             Began as a Merfolk Summoner on June 2, 2016.
             Slain by a goblin (4 damage)
             ... led by Robin
             ... on level 3 of the Dungeon.
             The game lasted 00:28:50 (3195 turns).

eoe the Caller (Merfolk Summoner)                   Turns: 3195, Time: 00:28:51

Health: 0/41       AC:  2    Str:  8    XL:     5   Next: 46%
Magic:  5/8        EV:  8    Int: 16    God:    Xom [.....*]
Gold:   131        SH:  0    Dex: 14    Spells: 2 memorised, 5 levels left

rFire  . . .     SeeInvis .     f - +0 short sword
rCold  . . .     Gourm    .     a - +0 robe
rNeg   . . .     Faith    .     (no shield)
rPois  .         Spirit   .     (no helmet)
rElec  .         Dismiss  .     (no cloak)
rCorr  .         Reflect  .     (no gloves)
SustAt .         Harm     .     (no boots)
MR     .....                    (no amulet)
Stlth  ++........               (no ring)
                                (no ring)

@: very slightly contaminated, not resistant to hostile enchantments, unstealthy
A: change form in water, swift swim
a: Renounce Religion


You were on level 3 of the Dungeon.
You worshipped Xom.
You were Xom's teddy bear.
You were not hungry.

You visited 1 branch of the dungeon, and saw 3 of its levels.

You collected 131 gold pieces.

Inventory:

Hand Weapons
 f - a +0 short sword (weapon)
 j - a +0 blowgun
Missiles
 h - a poisoned needle
Armour
 a - a +0 robe (worn)
Jewellery
 g - a +2 ring of dexterity {unknown}
Wands
 e - a wand of confusion (14/48)
 q - a wand of flame (45/48)
Scrolls
 k - a scroll of fear {unknown}
 m - a scroll of noise {unknown}
 r - 2 scrolls of enchant armour {unknown}
 s - a scroll of remove curse {unknown}
 t - a scroll of enchant weapon {unknown}
Potions
 i - a potion of invisibility
 n - a potion of brilliance
 p - 2 potions of might
Books
 b - a book of Callings

   Spells                             Type                      Level
   a - Summon Small Mammal            Summoning                    1
   b - Call Imp                       Summoning                    2
   c - Call Canine Familiar           Summoning                    3
   d - Summon Guardian Golem          Hexes/Summoning              3
   e - Summon Lightning Spire         Summoning/Air                4
   f - Summon Ice Beast               Ice/Summoning                4
Comestibles
 c - 3 bread rations
 d - 3 meat rations
 l - 2 chunks of flesh
 o - 2 beef jerkies
 u - 4 fruits


   Skills:
 + Level 3.2 Fighting
 - Level 2.6 Dodging
 - Level 3.0 Stealth
 - Level 2.0 Spellcasting
 + Level 5.3 Summonings


You had 5 spell levels left.
You knew the following spells:

 Your Spells              Type           Power        Failure   Level  Hunger
a - Summon Small Mammal   Summ           ###.         2%          1    #......
b - Call Imp              Summ           ###.....     4%          2    ###....


Dungeon Overview and Level Annotations

Branches:
Dungeon (3/15)

Altars:
Elyvilon
Xom

Annotations:
D:3 Robin


Message History

Confirm with . or Enter, or press ? or * to list all spells.
A beastly little devil appears in a puff of flame.
The goblin closely misses you.
Your crimson imp blinks!
The hobgoblin is no longer moving slowly.
Robin roars a battlecry!
The goblins go into a battle-frenzy!
Found a stone staircase leading down.
The bat barely misses your crimson imp. The bat hits your crimson imp.
The goblin misses your crimson imp. The bat barely misses your crimson imp.
Something closely misses your crimson imp.
Something hits your crimson imp but does no damage.
The goblin misses you.
Your crimson imp misses the goblin.
Your crimson imp blinks!
Your crimson imp closely misses the goblin.
Your crimson imp blinks!
There is a stone staircase leading down here.
The goblin hits you.
You die... "Boring in life, boring in death..."

#.......####.#######g...#
#####...##..# #...gg.gg..###
........##..#
#b###b##.#.#######
###..........# #g#
#.##.#..g.bggg #
#.#.#.#....###.###g##.#########
# #.#.#.........g....##.# #
#.#.#........#.######.# #
#.#.#.......#.g######.# ###.#.#
#....###@.......# ....#.. ....
#5##.##### ##.. .#. #.# .# # #.
# # ##.##.


You could see a hobgoblin, 2 goblins, a bat and a friendly crimson imp.

Vanquished Creatures
  An adder (D:3)
  A giant gecko (D:2)
  A giant cockroach (D:1)
  A goblin (D:1)
  2 hobgoblins (D:1)
  2 ball pythons
  7 bats
  A giant newt (D:2)
  3 kobolds
  2 rats (D:1)
21 creatures vanquished.

Vanquished Creatures (collateral kills)
  Sigmund (D:3)
  2 adders (D:2)
  2 worms (D:2)
  2 giant geckos
  A ball python (D:3)
  6 hobgoblins
  2 kobolds (D:2)
  A quokka (D:2)
  5 bats
  4 giant newts
  3 rats
29 creatures vanquished.

Grand Total: 50 creatures vanquished

Notes
Turn   | Place    | Note
--------------------------------------------------------------
     0 | D:1      | eoe the Merfolk Summoner began the quest for the Orb.
     0 | D:1      | Reached XP level 1. HP: 13/13 MP: 3/3
   570 | D:1      | Reached XP level 2. HP: 17/19 MP: 1/5
  1001 | D:1      | Learned a level 2 spell: Call Imp
  1327 | D:2      | Found a white marble altar of Elyvilon.
  1379 | D:2      | Became a worshipper of Elyvilon the Healer
  1406 | D:2      | Reached XP level 3. HP: 22/25 MP: 4/6
  1538 | D:2      | Reached skill level 1 in Fighting
  1651 | D:2      | Found a shimmering altar of Xom.
  1663 | D:2      | Fell from the grace of Elyvilon
  1663 | D:2      | Became a worshipper of Xom of Chaos
  2238 | D:3      | XOM: harmless Divn miscast
  2322 | D:2      | XOM: summons 1 hostile demon
  3019 | D:3      | Noticed Sigmund
  3045 | D:3      | Killed Sigmund
  3045 | D:3      | Reached skill level 5 in Summonings
  3045 | D:3      | Reached XP level 4. HP: 23/35 MP: 2/7
  3045 | D:3      | Reached XP level 5. HP: 27/41 MP: 2/8
  3048 | D:3      | XOM: 2-stop teleportation journey
  3151 | D:3      | Noticed Robin
  3171 | D:3      | XOM: enchant monster (good)
  3181 | D:3      | HP: 2/41 [goblin[Robin] (2)]
  3195 | D:3      | Slain by a goblin

Vault maps used:
D:1:      scummos_arrival_gate
D:2:      lemuel_crystal_altar, xom_teletrap_fun, first_bread
D:3:      minitemple, minmay_misc_feat_more_columns, uniq_robin, uniq_sigmund

Skill      XL: |  1  2  3 |
---------------+----------+-----
Stealth        | 3 |  3.0
Fighting       | 3 |  3.2
Summonings     | 5 |  5.3
Dodging        | |  2.6
Spellcasting   | |  2.0

Action                   |  1- 3 |  4- 6 || total
-------------------------+-------+-------++-------
Melee: Unarmed           |    30 |       ||    30
       Short sword       |    65 |    16 ||    81
 Cast: Summon Small Mamm |    70 |     8 ||    78
       Call Imp          |    13 |     2 ||    15
Evoke: Wand              |     4 |       ||     4
  Use: Scroll            |     5 |       ||     5
       Potion            |     3 |       ||     3
 Stab: Sleeping          |     2 |     1 ||     3
  Eat: Chunk             |     2 |       ||     2
       Bread ration      |     1 |       ||     1
       Meat ration       |     1 |       ||     1
Armor: Robe              |    39 |     1 ||    40
Dodge: Dodged            |   118 |    19 ||   137
